 Dungeon Crawl Stone Soup version 0.29.1-13-g9f3cf754e1 (webtiles) character file.

Game seed: 12673835055314176147

8512 Gabide the Grappler (level 11, -8/89 HPs)
             Began as a Mummy Berserker on Feb 4, 2023.
             Was an Elder of Trog.
             Killed from afar by an electric eel (10 damage)
             ... with a bolt of electricity
             ... on level 10 of the Dungeon.
             The game lasted 00:15:38 (11525 turns).

Gabide the Grappler (Mummy Berserker)              Turns: 11525, Time: 00:15:38

Health: -8/89      AC: 11    Str: 25    XL:     11   Next: 10%
Magic:  9/11       EV: 18    Int:  7    God:    Trog [****..]
Gold:   184        SH:  0    Dex: 11    Spells: 10/10 levels left

rFire   . . .      SeeInvis .     - Unarmed
rCold   + . .      Faith    +   (no shield)
rNeg    + + +      Spirit   .   D - +2 leather armour {rC+}
rPois   ∞          Reflect  .   (no helmet)
rElec   .          Harm     .   a - +1 cloak {Stlth+}
rCorr   .          Rampage  .   w - +2 pair of gloves {infuse}
Will    +....                   t - +0 pair of boots
Stlth   ++........              F - amulet of faith
HPRegen 0.24/turn               B - ring of fire
MPRegen 0.12/turn               s - +4 ring of evasion

@: no status effects
A: cold resistance 1, negative energy resistance 3, torment resistance 2, heat
vulnerability 1, in touch with death 1, no potions
a: Renounce Religion, Trog's Hand, Brothers in Arms


You were on level 10 of the Dungeon.
You worshipped Trog.
Trog was greatly pleased with you.
You visited 1 branch of the dungeon, and saw 10 of its levels.

You collected 510 gold pieces.
You spent 326 gold pieces at shops.

Inventory:

Missiles
 b - 16 poisoned darts (quivered)
Armour
 a - a +1 cloak of stealth (worn)
 t - a +0 pair of boots (worn)
 w - a +2 pair of gloves of infusion (worn)
 C - a +2 robe of willpower
 D - a +2 leather armour of cold resistance (worn)
Jewellery
 f - a ring of see invisible
 k - a +6 ring of dexterity
 s - a +4 ring of evasion (right hand)
 v - a ring of protection from cold
 B - a ring of fire (left hand)
 F - an amulet of faith (around neck)
Wands
 g - a wand of flame (43)
 j - a wand of mindburst (5)
 n - a wand of roots (10)
 u - a wand of light (4)
 A - a wand of digging (6)
 G - a wand of paralysis (5)
Scrolls
 c - a scroll of magic mapping {unknown}
 d - a scroll of immolation {unknown}
 e - a scroll of blinking {unknown}
 h - 5 scrolls of vulnerability
 i - a scroll of enchant armour {unknown}
 l - 2 scrolls of fear
 m - a scroll of silence {unknown}
 o - 5 scrolls of teleportation
 p - a scroll of amnesia {unknown}
 q - 4 scrolls of enchant weapon
 r - 3 scrolls of fog
 x - a scroll of acquirement {unknown}
 y - 2 scrolls of brand weapon {unknown}
 z - a scroll of poison {unknown}
 E - a scroll of identify


   Skills:
 + Level 9.2 Fighting
 - Level 1.5 Armour
 + Level 7.4 Dodging
 * Level 10.7 Unarmed Combat


You had 10 spell levels left.
You didn't know any spells.
Your spell library was empty.

Dungeon Overview and Level Annotations

Branches:
Dungeon (10/15)            Temple (0/1) D:5
   Lair: D:8-11         Orc: D:9-12

Altars:
Ashenzari
Fedhas
Gozag
Nemelex Xobeh
Sif Muna
Trog

Shops:
D:4 *   D:6 **   D:9 (   D:10 *

Annotations:
D:4 1 runed translucent door
D:8 2 transporters, kalagan's ghost, novice DECj


Innate Abilities, Weirdness & Mutations

You are immune to poison.
Your flesh is cold resistant. (rC+)
You are immune to negative energy. (rN+++)
You are immune to unholy pain and torment.
You are vulnerable to heat. (rF-)
You are in touch with the powers of death.
You do not drink.


Message History

You are too injured to fight recklessly!
You are too injured to fight recklessly!
You are too injured to fight recklessly!
You are too injured to fight recklessly!
You are too injured to fight recklessly!
You are too injured to fight recklessly!
You are too injured to fight recklessly!
You are too injured to fight recklessly!
You are too injured to fight recklessly!
You are too injured to fight recklessly!
You are too injured to fight recklessly!
You are too injured to fight recklessly!
You are too injured to fight recklessly!
You punch the electric eel!
The electric eel is almost dead.
You barely miss the electric eel.
The electric eel is almost dead.
The electric eel shoots out a bolt of lightning at you!
The bolt of electricity misses you. The bolt of electricity hits you!
You barely miss the electric eel.
The electric eel is almost dead.
You miss the electric eel.
The electric eel is almost dead.
You closely miss the electric eel.
The electric eel is almost dead.
The electric eel shoots out a bolt of lightning at you!
The bolt of electricity hits you!
* * * LOW HITPOINT WARNING * * *
The bolt of electricity hits you!
* * * LOW HITPOINT WARNING * * *
You can't drink.
Aiming: Fastroot
Press: ? - help, Shift-Dir - straight line, f - electric eel
Aim: an electric eel (water, almost dead)
The roots erupt in riotous growth!
The electric eel is unaffected.
The electric eel shoots out a bolt of lightning at you!
The bolt of electricity hits you!
* * * LOW HITPOINT WARNING * * *
The bolt of electricity hits you!
You die...

############.##........
#.............#.#######
##########......#
######### #≈≈≈≈≈≈≈≈#
### ##≈≈......≈≈# #..
##≈≈...##...≈≈###.#
##S≈....##....≈≈##
##≈≈@....##.....≈≈###
#≈≈......##......≈≈#
#≈......####......≈#
#≈.....#♣ ♣#.....≈##
#≈.##### #####..'.
#≈.##### #####..'.
#≈.....#♣ ♣#.....≈##
#≈...[..####......≈#
#≈≈......##......≈≈##


You could see an electric eel.

Vanquished Creatures
  Fannar (D:10)
  A two-headed ogre (D:8)
  Nergalle (D:10)
  Pikel (D:4)
  Joseph (D:8)
  An unseen horror (D:8)
  A komodo dragon (D:9)
  Psyche (D:8)
  Grinder (D:3)
  Sigmund (D:5)
  5 yaks (D:6)
  A wyvern (D:9)
  A steam dragon (D:9)
  3 orc warriors
  An ice beast (D:5)
  4 sky beasts
  An ogre (D:4)
  A black bear (D:7)
  5 centaurs
  4 lemures (D:4)
  The ghost of nikirochi the Sneak, an amateur OpBr (D:4)
  A phantom (D:5)
  A bullfrog (D:7)
  8 scorpions
  5 wights (D:7)
  8 killer bees
  4 howler monkeys
  2 electric eels (D:10)
  Crazy Yiuf (D:4)
  6 hounds
  2 gnoll boudas (D:8)
  2 orc priests
  Jessica (D:2)
  5 iguanas
  4 orc wizards
  13 gnolls
  11 adders
  2 shadow imps
  A white imp (D:7)
  An ufetubus (D:4)
  3 worms
  9 dart slugs
  34 orcs
  3 ball pythons
  9 bats
  8 endoplasms
  7 giant cockroaches
  4 goblins
  6 hobgoblins
  4 quokkas
  3 frilled lizards (D:2)
  11 kobolds
  5 rats
221 creatures vanquished.

Vanquished Creatures (others)
  2 fungi (D:4)
2 creatures vanquished.

Grand Total: 223 creatures vanquished

Notes
Turn   | Place    | Note
-------+----------+-------------------------------------------
     0 | D:1      | Gabide the Mummy Berserker began the quest for the Orb.
     0 | D:1      | Reached XP level 1. HP: 18/18 MP: 1/1
   169 | D:1      | Found a faded altar of an unknown god.
   226 | D:1      | Reached XP level 2. HP: 24/24 MP: 2/2
   739 | D:1      | Reached skill level 3 in Unarmed Combat
   904 | D:2      | Gained mutation: You are in touch with the powers of death.
                  | [Mummy growth]
   904 | D:2      | Reached XP level 3. HP: 29/29 MP: 3/3
  1215 | D:2      | Noticed Jessica
  1323 | D:2      | Reached ** piety under Trog
  1391 | D:2      | Killed Jessica
  1392 | D:2      | Reached XP level 4. HP: 36/36 MP: 4/4
  1949 | D:3      | Noticed Grinder
  1949 | D:3      | Paralysed by Grinder for 4 turns
  1964 | D:3      | Killed Grinder
  1965 | D:3      | Reached skill level 4 in Unarmed Combat
  1965 | D:3      | Reached XP level 5. HP: 32/42 MP: 5/5
  1965 | D:3      | Reached XP level 6. HP: 37/48 MP: 6/6
  2620 | D:3      | Found a blossoming altar of Fedhas.
  2622 | D:3      | Found a sparkling altar of Nemelex Xobeh.
  2629 | D:3      | Found an opulent altar of Gozag.
  2946 | D:3      | Identified the +6 chain mail "Safruzae" {Harm Will+ Regen+}
  3283 | D:4      | Found a runed translucent door.
  3290 | D:4      | Noticed nikirochi's ghost (amateur OpBr)
  3293 | D:4      | Reached skill level 5 in Unarmed Combat
  3293 | D:4      | Reached XP level 7. HP: 55/55 MP: 7/7
  3547 | D:4      | Noticed Pikel
  3725 | D:4      | Found Lomaq's General Store.
  3766 | D:4      | Killed Pikel
  3767 | D:4      | Reached skill level 5 in Fighting
  3767 | D:4      | Reached skill level 6 in Unarmed Combat
  3767 | D:4      | Reached XP level 8. HP: 43/63 MP: 8/8
  3880 | D:4      | Found a runed translucent door.
  3895 | D:4      | Bought a +2 pair of gloves of infusion for 236 gold pieces
  4027 | D:4      | Found a runed translucent door.
  4028 | D:4      | Noticed Crazy Yiuf
  4360 | D:4      | Found a shimmering blue altar of Sif Muna.
  4437 | D:4      | Killed nikirochi's ghost
  4562 | D:4      | Killed Crazy Yiuf
  4608 | D:5      | Entered Level 5 of the Dungeon
  4801 | D:5      | Noticed Sigmund
  4813 | D:5      | Killed Sigmund
  4814 | D:5      | Reached skill level 7 in Unarmed Combat
  4828 | D:5      | Found a staircase to the Ecumenical Temple.
  4926 | D:5      | Reached skill level 5 in Dodging
  4930 | D:5      | Reached *** piety under Trog
  5240 | D:5      | Reached XP level 9. HP: 71/71 MP: 6/9
  6016 | D:6      | Found Ikeneh's Assorted Antiques.
  6057 | D:6      | Reached skill level 8 in Unarmed Combat
  6172 | D:6      | Bought a scroll of teleportation for 90 gold pieces
  6261 | D:6      | Found Fitiumas's General Store.
  7925 | D:7      | Reached skill level 9 in Unarmed Combat
  7980 | D:7      | Reached **** piety under Trog
  7981 | D:7      | Reached XP level 10. HP: 70/80 MP: 7/10
  8312 | D:8      | Noticed a moth of wrath
  8325 | D:8      | Noticed a two-headed ogre
  8349 | D:8      | Killed a two-headed ogre
  8421 | D:8      | Found a transporter.
  8421 | D:8      | Found a transporter.
  8428 | D:8      | Noticed kalagan's ghost (novice DECj)
  8433 | D:8      | Found a bloodstained altar of Trog.
  8467 | D:8      | Noticed Psyche
  8487 | D:8      | Killed Psyche
  8777 | D:8      | Noticed Joseph
  8820 | D:8      | Killed Joseph
  9144 | D:8      | Found a broken altar of Ashenzari.
  9618 | D:9      | Reached skill level 10 in Unarmed Combat
 10309 | D:9      | Found Fagoronn's Weapon Shoppe.
 10700 | D:10     | Entered Level 10 of the Dungeon
 10700 | D:10     | Noticed Fannar
 10724 | D:10     | Killed Fannar
 10828 | D:10     | Noticed Nergalle
 10847 | D:10     | Killed Nergalle
 10848 | D:10     | Reached XP level 11. HP: 89/89 MP: 0/11
 11248 | D:10     | Found Jalosef's Elemental Accessories.
 11525 | D:10     | HP: 2/89 [electric eel/bolt of electricity (10)]
 11525 | D:10     | Killed from afar by an electric eel

Illustrated notes

Levels and vault maps discovered:
D:1:      kennysheep_arrival_forest, layout_loops_ring,
          chequers_ecumenical_altar_island
D:2:      layout_loops_cross, minmay_joined_circles, uniq_jessica
D:3:      layout_loops_corners, mainiacjoe_overflow_alcove_3, uniq_grinder
D:4:      old_forge, layout_cave_pools, amethyst_overflow_temple_binary,
          serial_shops, nicolae_shop_statue_plus, ebering_ghost_sewer_f,
          uniq_crazy_yiuf_cottage, uniq_pikel
D:5:      layout_basic, temple_statues, uniq_sigmund
D:6:      layout_loops_ring, serial_shops, shop_fountains, shop_statue
D:7:      layout_layer_cave
D:8:      layout_loops_corners, ashenzari_conservatory_becter,
          gammafunk_ghost_wrathful_warriors, chequers_arboretum, uniq_joseph,
          uniq_psyche
D:9:      layout_basic, serial_shops, nicolae_take_the_stairs
D:10:     layout_loops_ring, eino_tiny_chamber, kennysheep_cross_room,
          statue_in_the_mist_lemuel, abandoned_shop, nicolae_elemental_shop,
          uniq_snorg, uniq_fannar, uniq_nergalle

Skill      XL: |  1  2  3  4  5  6  7  8  9 10 |
---------------+-------------------------------+-----
Dodging        | 2 3 4 5 6 7 |  7.4
Unarmed Combat | 3 4 5 6 7 9 10 | 10.7
Fighting       | 4 5 6 7 9 |  9.2
Armour         | |  1.5

Action                   |  1- 3 |  4- 6 |  7- 9 | 10-12 || total
-------------------------+-------+-------+-------+-------++-------
Melee: Unarmed           |   133 |   162 |   380 |   241 ||   916
       Punch             |     7 |     4 |    14 |    18 ||    43
Throw: Dart              |     7 |     8 |       |     9 ||    24
       Throwing net      |       |       |     1 |       ||     1
Invok: Trog's Hand       |       |     3 |     7 |     5 ||    15
Evoke: Wand              |       |     9 |     8 |    12 ||    29
  Use: Scroll            |       |       |     4 |     2 ||     6
 Stab: Sleeping          |     1 |     5 |     7 |     2 ||    15
       Invisible         |       |     1 |     5 |     1 ||     7
       Held in net/web   |       |       |     1 |       ||     1
Armor: Animal skin       |     3 |       |       |       ||     3
       Scale mail        |    23 |       |       |       ||    23
       Ring mail         |    40 |    42 |    74 |     9 ||   165
       Leather armour    |       |       |       |    35 ||    35
       Robe              |       |       |       |     2 ||     2
Dodge: Dodged            |    83 |    96 |   306 |   208 ||   693
